 Dungeon Crawl Stone Soup version 0.27.1-16-g815e20cd7a (webtiles) character file.

Game seed: 11461390740005751181

678 patchburns1 the Shield-Bearer (level 7, -5/44 HPs)
             Began as a Gargoyle Fighter on Nov 18, 2021.
             Was an Initiate of Hepliaklqana.
             Killed by divine providence
             ... invoked by an orc priest
              (16 damage)
             ... on level 5 of the Dungeon on Nov 22, 2021.
             The game lasted 00:22:18 (15533 turns).

patchburns1 the Shield-Bearer (Gargoyle Fighter)   Turns: 15533, Time: 00:22:18

Health: -5/44      AC: 14    Str: 22    XL:     7   Next: 60%
Magic:  7/7        EV:  8    Int:  8    God:    Hepliaklqana [......]
Gold:   158        SH: 10    Dex: 15    Spells: 6/6 levels left

rFire    . . .     SeeInvis .   p - +0 whip (venom)
rCold    . . .     Faith    .   c - +0 kite shield
rNeg     + . .     Spirit   .   b - +0 scale mail
rPois    ∞         Reflect  .   I - +1 helmet
rElec    +         Harm     .   (no cloak)
rCorr    .         Rampage  .   (no gloves)
Will     .....                  (no boots)
Stlth    ..........             (no amulet)
HPRegen  0.14/turn              q - +6 ring of dexterity
MPRegen  0.10/turn              (no ring)

@: no status effects
A: sickness immunity, AC +4, negative energy resistance 1, electricity
resistance, torment resistance 1, petrification resistance
a: Renounce Religion


You were on level 5 of the Dungeon.
You worshipped Hepliaklqana.
Hepliaklqana was noncommittal.
You visited 2 branches of the dungeon, and saw 6 of its levels.

You collected 158 gold pieces.

Inventory:

Hand Weapons
 a - a +0 flail
 f - a +0 mace of holy wrath
 k - a +3 short sword
 p - a +0 whip of venom (weapon)
Missiles
 e - 105 stones (quivered)
 h - 50 arrows
 o - 8 javelins
 x - 15 sling bullets
 y - 11 poisoned darts
 H - 2 throwing nets
Armour
 b - a +0 scale mail (worn)
 c - a +0 kite shield (worn)
 D - a +0 helmet
 I - a +1 helmet (worn)
Jewellery
 q - a +6 ring of dexterity (left hand)
 B - a ring of wizardry
 C - a +6 ring of strength
 F - a ring of fire
Wands
 G - a wand of acid (12)
Scrolls
 i - 2 scrolls of silence
 j - a scroll of fog {unknown}
 l - 2 scrolls of fear {unknown}
 r - a scroll of enchant armour {unknown}
 s - a scroll of blinking {unknown}
 v - 3 scrolls of teleportation
 w - a scroll of holy word {unknown}
 z - 2 scrolls of amnesia
 A - a scroll of noise {unknown}
Potions
 d - a potion of might
 g - 3 potions of curing
 m - 2 potions of flight
 n - a potion of brilliance {unknown}
 t - a potion of attraction {unknown}
 u - a potion of cancellation {unknown}
 E - a potion of mutation {unknown}


   Skills:
 * Level 4.9 Fighting
 * Level 3.7 Maces & Flails
 + Level 2.1 Throwing
 * Level 5.0 Armour
 + Level 1.6 Dodging
 * Level 5.1 Shields
 + Level 1.1 Invocations
 + Level 1.0 Evocations


You had 6 spell levels left.
You didn't know any spells.
Your spell library contained the following spells:

 Spells                   Type           Power      Damage    Failure   Level
 Corona                   Hex            0%         N/A       98%         1
 Corpse Rot               Necr/Air       N/A        N/A       99%         2
 Ensorcelled Hibernation  Hex/Ice        0%         N/A       99%         2
 Poisonous Vapours        Pois/Air       0%         N/A       99%         2
 Inner Flame              Hex/Fire       0%         N/A       100%        3
 Tukima's Dance           Hex            0%         N/A       100%        3
 Cause Fear               Hex            0%         N/A       100%        4
 Dispel Undead            Necr           0%         3d6       100%        4
 Freezing Cloud           Conj/Ice/Air   0%         6-21      100%        5
 Death Channel            Necr           0%         N/A       100%        6
 Discord                  Hex            0%         N/A       100%        8


Dungeon Overview and Level Annotations

Branches:
Dungeon (5/15)             Temple (1/1) D:4

Altars:
Cheibriados
Dithmenos
Elyvilon
Fedhas
Gozag
Hepliaklqana
Kikubaaqudgha
Nemelex Xobeh
Okawaru
Qazlal
Ru
Sif Muna
Wu Jian
Xom
Yredelemnul
The Shining One

Shops:
D:2 (


Innate Abilities, Weirdness & Mutations

You are immune to sickness and miasma.
Your stone body is resilient. (AC +4)
You are immune to poison.
You resist negative energy. (rN+)
You are resistant to electric shocks. (rElec)
You are resistant to unholy torment.
You are immune to petrification.


Message History

The worm bites you but does no damage.
You hit the worm.
The worm is lightly wounded.
You hit the worm.
The worm looks as sick as possible!
The worm is heavily wounded.
You kill the worm!
You closely miss the hound.
The sentinel's mark upon you fades away.
The hound bites you but does no damage. x2
You closely miss the hound.
An orc comes into view. It is wielding a +0 club.
The hound bites you but does no damage.
You closely miss the hound. The hound completely misses you.
An orc priest comes into view. It is wielding a +0 hand axe.
The hound bites you but does no damage.
You miss the hound. The hound bites you. You block the hound's attack.
You barely miss the hound.
An orc comes into view. It is wielding a +0 dagger.
The orc priest calls down the wrath of Beogh upon you.
Beogh smites you! The hound bites you.
You closely miss the hound. The hound closely misses you.
The orc priest mumbles some strange prayers to Beogh against you.
Beogh smites you! The hound bites you.
* * * LOW HITPOINT WARNING * * *
The hound barely misses you.
You hit the hound but do no damage.
The hound is poisoned.
The hound closely misses you.
You hit the hound.
The hound looks as sick as possible!
The hound is moderately wounded.
The hound bites you but does no damage. x2
You closely miss the hound.
The hound is severely wounded.
The hound closely misses you. The hound bites you.
* * * LOW HITPOINT WARNING * * *
You hit the hound but do no damage.
The hound is severely wounded.
You kill the hound!
The orc priest invokes the aid of Beogh against you.
Beogh smites you!
You die...

#.#.# #.#
#.#.# #.#
..... #.# ###
#.# #.# #.#
#.# #.# #@#
############o#
#....oo....o.#
#.############
#


You could see an orc priest and an orc.

Vanquished Creatures
  An ogre (D:5)
  3 necrophages
  3 hounds
  Terence (D:3)
  2 iguanas
  A hound skeleton (D:4)
  Robin (D:3)
  4 gnolls (D:4)
  4 adders
  An ufetubus (D:5)
  3 worms
  4 dart slugs
  An orc (D:5)
  6 endoplasms
  3 giant cockroaches
  13 hobgoblins
  4 jackals
  7 kobolds
  2 quokkas
  13 ball pythons
  5 bats
  4 frilled lizards
  11 goblins
  8 rats
  A spectral kobold (D:1)
106 creatures vanquished.

Notes
Turn   | Place    | Note
-------+----------+-------------------------------------------
     0 | D:1      | patchburns1 the Gargoyle Fighter began the quest for the
                  | Orb.
     0 | D:1      | Reached XP level 1. HP: 14/14 MP: 1/1
   179 | D:1      | Reached XP level 2. HP: 18/19 MP: 2/2
   354 | D:1      | Found a faded altar of an unknown god.
   745 | D:1      | Reached XP level 3. HP: 23/23 MP: 3/3
  1376 | D:2      | Found Zupneops's Antique Weapon Boutique.
  1446 | D:2      | Reached XP level 4. HP: 29/29 MP: 4/4
 10913 | D:2      | Glimpsed the power of Zot.
 11303 | D:3      | Noticed Terence
 11319 | D:3      | Killed Terence
 11324 | D:3      | Reached skill level 1 in Throwing
 11377 | D:3      | Reached XP level 5. HP: 24/33 MP: 5/5
 11487 | D:3      | Found a shadowy altar of Dithmenos.
 11522 | D:3      | Found a glowing golden altar of the Shining One.
 11615 | D:3      | Noticed Robin
 11685 | D:3      | Killed Robin
 11686 | D:3      | Reached skill level 1 in Dodging
 11939 | D:3      | Found a hazy altar of Hepliaklqana.
 11945 | D:3      | Became a worshipper of Hepliaklqana the Forgotten
 12255 | D:4      | Noticed a necrophage
 12273 | D:4      | Killed a necrophage
 12274 | D:4      | Reached XP level 6. HP: 26/39 MP: 6/6
 12418 | D:4      | Found a sparkling altar of Nemelex Xobeh.
 12468 | D:4      | Found an iron altar of Okawaru.
 12471 | D:4      | Found a white marble altar of Elyvilon.
 12920 | D:4      | Noticed a necrophage
 12923 | D:4      | Found an ancient bone altar of Kikubaaqudgha.
 12940 | D:4      | Killed a necrophage
 12941 | D:4      | Reached XP level 7. HP: 43/44 MP: 7/7
 14749 | D:4      | Upgraded the game from 0.27.1-4-g1640c2035a to
                  | 0.27.1-16-g815e20cd7a
 14965 | D:4      | Found a staircase to the Ecumenical Temple.
 14979 | Temple   | Entered the Ecumenical Temple
 15194 | D:5      | Entered Level 5 of the Dungeon
 15259 | D:5      | Reached skill level 5 in Shields
 15259 | D:5      | Reached skill level 1 in Invocations
 15430 | D:5      | Reached skill level 1 in Evocations
 15513 | D:5      | Reached skill level 5 in Armour
 15533 | D:5      | Killed from afar by an orc priest

Illustrated notes

Levels and vault maps discovered:
D:1:      erik_arrival_orb_chamber, layout_basic,
          dreamdust_ecumenical_altar_drowned_temple
D:2:      layout_basic, serial_shops, nicolae_square_shop
D:3:      layout_rooms, nicolae_hepliaklqana_hippocampus,
          mainiacjoe_overflow_catch_the_wave, uniq_robin, uniq_terence
D:4:      layout_loops_ring, lemuel_tele_altar, nicolae_overflow_hidden_temple,
          minmay_temple_entry_offerings
D:5:      layout_basic, gammafunk_ghost_arena, cheibrodos_sewer_entry_sluice,
          minivault_27
Temple:   nicolae_temple_figure_zero

Skill      XL: |  1  2  3  4  5  6  7 |
---------------+----------------------+-----
Shields        | 4 5 |  5.1
Throwing       | 1 2 |  2.1
Armour         | 4 5 |  5.0
Fighting       | 4 |  4.9
Dodging        | 1 |  1.6
Maces & Flails | 3 |  3.7
Invocations    | 1 |  1.1
Evocations     | 1 |  1.0

Action                   |  1- 3 |  4- 6 |  7- 9 || total
-------------------------+-------+-------+-------++-------
Melee: Flail             |   141 |     1 |       ||   142
       Whip              |       |   185 |    49 ||   234
  Use: Scroll            |       |     1 |     4 ||     5
Armor: Scale mail        |    75 |    77 |    26 ||   178
Dodge: Dodged            |    56 |    63 |    12 ||   131
Block: Kite shield       |    85 |   100 |    19 ||   204
